 Dungeon Crawl Stone Soup version 0.13-b1-54-gfe00c74 (webtiles) character file.

180 Bloax the Charmwright (level 4, -8/26 HPs)
             Began as a Gargoyle Skald on Oct 10, 2013.
             Mangled by a gnoll
             ... wielding a +0,+0 flail
              (14 damage)
             ... on Level 3 of the Dungeon.
             The game lasted 00:06:20 (786 turns).

Bloax the Charmwright (Gargoyle Skald)               Turns: 786, Time: 00:06:21

HP  -8/26        AC  6     Str 17      XL: 4   Next: 39%
MP   4/8         EV 10     Int 12      God:
Gold 100         SH  0     Dex  9      Spells:  3 memorised,  1 level left

Res.Fire  : . . .   See Invis. : .   a - +0,+1 whip (freeze)
Res.Cold  : . . .   Warding    : .   b - +0 leather armour
Life Prot.: + . .   Conserve   : .   (no shield)
Res.Poison: +       Res.Corr.  : .   (no helmet)
Res.Elec. : +       Clarity    : .   (no cloak)
Sust.Abil.: . .     Spirit.Shd : .   (no gloves)
Res.Mut.  : .       Stasis     : .   (no boots)
Res.Rott. : +       Flight     : .   (no amulet)
Saprovore : . . .                    (no ring)
                                     (no ring)

@: about to teleport, slightly resistant to hostile enchantments, very
unstealthy
A: fangs 1, talons 2, life protection 1, electricity resistance, slow metabolism
1, unbreathing, petrification resistance, AC +3
a: no special abilities


You were on level 3 of the Dungeon.
You were not hungry.

You visited 1 branch of the dungeon, and saw 3 of its levels.

You collected 80 gold pieces.


Innate Abilities, Weirdness & Mutations

You are resistant to torment.
You are immune to poison.
Your stone body is very resilient (AC +3).
You have very sharp teeth.
You have razor-sharp toenails.
You resist negative energy.
You are resistant to electric shocks.
You have a slow metabolism.
You can survive without breathing.
You are immune to petrification.


   Skills:
 + Level 3.1 Fighting
 - Level 1.0 Short Blades
 + Level 1.2 Maces & Flails
   Level 1.9 Polearms
 - Level 1.1 Armour
 - Level 0.7 Dodging
 - Level 2.0 Spellcasting
 + Level 3.3 Charms
 + Level 0.8 Necromancy


You had one spell level left.
You knew the following spells:

 Your Spells              Type           Power        Failure   Level  Hunger
a - Infusion              Chrm           #.....       10%         1    ##.....
b - Shroud of Golubria    Chrm/Tloc      #.........   21%         2    ###....
c - Regeneration          Chrm/Necr      #.........   34%         3    ####...


Dungeon Overview and Level Annotations

Branches:
Dungeon (3/27)

Altars:

Inventory:

Hand weapons
 a - a +0,+1 whip of freezing (weapon)
   (You found it on level 3 of the Dungeon)
 e - a +0,+0 dwarven short sword
   (You took it off a kobold on level 1 of the Dungeon)
Armour
 b - a +0 leather armour (worn)
 j - a +0 chain mail
   (You found it on level 1 of the Dungeon)
Comestibles
 d - a bread ration
 f - a choko
Scrolls
 g - a scroll of fog
 k - a scroll of random uselessness
 m - a scroll of identify {unknown}
 o - a scroll of curse armour {unknown}
 p - a scroll of magic mapping {unknown}
Potions
 h - a potion of heal wounds {unknown}
 i - a potion of restore abilities {unknown}
 n - a potion of slowing {unknown}
Books
 c - a book of Battle

   Spells                             Type                      Level
   *Infusion                          Charms                       1
   *Shroud of Golubria                Charms/Translocation         2
   Song of Slaying                    Charms                       2
   Spectral Weapon                    Hexes/Charms                 3
   *Regeneration                      Charms/Necromancy            3
   Song of Shielding                  Charms                       4

##### ####
########...# ...##
##......#...#
....###.......#)..#
.....#....(...##'##
..(..#......))...#
....('......))...#
.....#(......)..@#
(....#........##g#
....###.......#ggK
...## ##......#$KK#
#### ########ggK#
#####


You could see 3 big kobolds, 3 gnolls, 2 hobgoblins and a kobold.


Message History

A kobold comes into view. It is wielding a club.
Unknown command.
You hit the kobold but do no damage.
The kobold is severely wounded.
The kobold completely misses you. The kobold closely misses you.
The kobold closely misses you. The kobold hits you with a club.
You hit the kobold. You freeze the kobold.
You kill the kobold!
The kobold hits you with a club.
* * * LOW HITPOINT WARNING * * *
Casting: Shroud of Golubria Space distorts slightly along a thin shroud covering your body.
Your shroud bends the kobold's attack away.
The kobold hits you with a club.
* * * LOW HITPOINT WARNING * * *
You are too injured to fight recklessly!
You are too injured to fight recklessly!
Unknown command.
You miss the kobold. The kobold closely misses you.
The kobold closely misses you. The kobold hits you but does no damage.
Unknown command.
You hit the kobold. You freeze the kobold.
You kill the kobold!
The kobold closely misses you.
You hit the kobold. You freeze the kobold.
You kill the kobold!
The kobold closely misses you. The kobold misses you.
You miss the kobold. You claw the kobold.
The kobold is severely wounded.
The kobold hits you but does no damage.
Your shroud bends the kobold's attack away.
You hit the kobold but do no damage.
Your shroud begins to fray at the edges.
The kobold hits you but does no damage.
Unknown command.
You closely miss the kobold. You bite the kobold, but do no damage.
The kobold is severely wounded.
Your shroud bends the kobold's attack away.
The kobold hits you but does no damage.
You hit the kobold. You freeze the kobold.
You kill the kobold!
The kobold barely misses you.
You hit the kobold. You freeze the kobold.
You kill the kobold!
You see here a club.
Your shroud unravels.
The kobold misses you.
There is an open door here.
You closely miss the kobold. You claw the kobold, but do no damage.
You closely miss the kobold. The kobold hits you but does no damage.
You barely miss the kobold. The kobold barely misses you.
You hit the kobold. You freeze the kobold.
You kill the kobold!
Things that are here:
a club; a kobold corpse
There is an open door here.
You open the door. 2 hobgoblins, 3 gnolls, a kobold and 3 big kobolds come into view.
The hobgoblin shouts!
The gnoll shouts!
The kobold shouts!
The gnoll shouts!
The gnoll shouts!
The hobgoblin shouts!
The big kobold throws a dart.
The dart hits you!
* * * LOW HITPOINT WARNING * * *
Found 85 gold pieces.
Unknown command.
Unknown command.
Read which item? (? for menu, Esc to quit)
As you read the scroll of teleportation, it crumbles to dust.
You feel strangely unstable. The gnoll hits you with a flail!
Ouch! That really hurt!
You die...

Action                   |  1- 3 |  4- 6 || total
-------------------------+-------+-------++-------
Melee: Spear             |    14 |       ||    14
       Short sword       |    68 |       ||    68
       Whip              |    27 |    18 ||    45
 Cast: Infusion          |    13 |       ||    13
       Shroud of Golubri |     1 |     1 ||     2
  Use: Scroll            |     5 |     1 ||     6

Vault maps used:
D:1:      dpeg_entry_prison, minmay_misc_feat_secret_circle, st_stairs_6,
          baited_tele_trap
D:3:      minmay_goblin_kobold_castle, grunt_temple_overflow_open, first_bread,
          minmay_rats_cheese

Notes
Turn   | Place    | Note
--------------------------------------------------------------
     0 | D:1      | Bloax, the Gargoyle Skald, began the quest for the Orb.
     0 | D:1      | Reached XP level 1. HP: 12/12 MP: 3/3
    91 | D:1      | Reached skill level 3 in Charms
    91 | D:1      | Reached XP level 2. HP: 16/16 MP: 3/5
   259 | D:1      | Learned a level 2 spell: Shroud of Golubria
   520 | D:2      | Reached XP level 3. HP: 19/21 MP: 1/6
   605 | D:3      | Reached skill level 1 in Short Blades
   644 | D:3      | Learned a level 3 spell: Regeneration
   749 | D:3      | Reached skill level 3 in Fighting
   749 | D:3      | Reached skill level 1 in Maces & Flails
   749 | D:3      | Reached XP level 4. HP: 17/26 MP: 1/8
   785 | D:3      | Noticed a big kobold
   785 | D:3      | Noticed a big kobold
   785 | D:3      | Noticed a big kobold
   785 | D:3      | HP: 6/26 [big kobold/ dart (6)]
   786 | D:3      | Mangled by a gnoll

Vanquished Creatures
  A crimson imp (D:3)
  4 giant cockroaches
  5 hobgoblins
  18 kobolds
  4 bats
  6 goblins
  5 rats
43 creatures vanquished.
